Cogmind - Beta 12 @@@ ROGUE MODE // 2023.06.14 @ 06:19:07 Player: HexanyIves Result: Destroyed by Y-64 Sentinel with KE Penetrator Performance ------------- Evolutions (5) 2500 Regions Visited (10) 2000 Robots Destroyed (61) 305 Value Destroyed (2061) 2061 Prototype IDs (3) 60 Alien Tech Used (0) 0 Bonus (1240) 1240 TOTAL SCORE: 8166 Bonus ------- Met Warlord at Base 500 MAIN.C Attacked Warlord 500 Warlord Defense Kills 240 Cogmind --------- Core Integrity 0/1000 Matter 300/300 Energy 99/100 System Corruption 9% Temperature Cool (11) Movement Hovering (80) Location -4/Proximity Caves Parts ------- > --- POWER (2) -------- (None) > --- PROPULSION (6) --- Combat Gravmag System > --- UTILITY (7) ------ Improved Signal Interpreter Improved Terrain Scan Processor 0b10 Decoder Chip [Generic] 0b10 Decoder Chip [Generic] Improved Targeting Computer Improved Melee Analysis Suite Improved Melee Analysis Suite > --- WEAPON (2) ------- (None) > --- INVENTORY (5) ---- Light Angular Momentum Engine Reinforced Fission Core 0b10 Decoder Chip [Generic] Vortex Catalyst Activator Peak State ------------ > --- POWER ------------ Light Nuclear Core Light Antimatter Reactor > --- PROPULSION ------- Antigrav System Combat Gravmag System Combat Gravmag System Makeshift Flight Unit Nuclear Pulse Array > --- UTILITY ---------- Improved Signal Interpreter Improved Terrain Scan Processor 0b10 Decoder Chip [Generic] Improved Melee Analysis Suite Improved Melee Analysis Suite Improved Melee Analysis Suite Actuator Array > --- WEAPON ----------- Thermoblaster Ripper > --- INVENTORY -------- Wheel 0b10 Decoder Chip [Generic] 0b10 Decoder Chip [Generic] Vortex Catalyst Activator [Rating: 82] Favorites ----------- Power Light Ion Engine Engine Light Ion Engine Power Core Light Nuclear Core Reactor Light Antimatter Reactor Propulsion Gravmag Array Treads Light Treads Leg Aluminum Leg Wheel Wheel Hover Unit Gravmag Array Flight Unit Nuclear Pulse Array Utility Improved Terrain Scan Processor Device Actuator Array Storage Large Storage Unit Processor Improved Terrain Scan Processor Protection Improved Light Armor Plating Weapon Powered Hammer Energy Gun Heavy EM Pulse Gun Energy Cannon Particle Cannon Ballistic Gun Light Assault Rifle Ballistic Cannon Improved Light Cannon Launcher Thermoblaster Impact Weapon Powered Hammer Slashing Weapon Ripper Piercing Weapon Spear Build | -11 -10 -9 -8 -7 -6 -5 -5 -5 -5 -4 ------- Run | Jun Mat Mat Mat Fac Fac Fac Upp Upp War Pro Slots Evolved 10 | . . 2 2 2 2 2 . . . . Power 1 | . . . . . . 1 . . . . Propulsion 4 | . . 1 1 . 2 . . . . . Utility 5 | . . 1 1 2 . 1 . . . . Weapon . | . . . . . . . . . . . Parts Attached 115 | 6 8 12 4 22 11 15 6 6 25 . Power 17 | 1 1 1 . 2 1 3 . 1 7 . Engine 8 | 1 1 1 . 1 1 1 . . 2 . Core 7 | . . . . 1 . 2 . 1 3 . Reactor 2 | . . . . . . . . . 2 . Propulsion 37 | 2 3 5 1 10 3 5 2 2 4 . Treads 3 | . 1 2 . . . . . . . . Leg 2 | . 2 . . . . . . . . . Wheel 4 | 2 . 1 . . . . . . 1 . Hover 9 | . . 2 1 . 3 . . . 3 . Flight 19 | . . . . 10 . 5 2 2 . . Utility 33 | 1 3 2 1 5 5 6 4 . 6 . Device 14 | . 1 2 . 2 2 5 2 . . . Storage 5 | 1 1 . . 1 . . 2 . . . Processor 12 | . 1 . 1 2 1 1 . . 6 . Hackware . | . . . . . . . . . . . Protection 2 | . . . . . 2 . . . . . Artifact . | . . . . . . . . . . . Weapon 28 | 2 1 4 2 5 2 1 . 3 8 . Energy Gun 5 | . . 2 . . . . . . 3 . Energy Cannon 2 | . . . 2 . . . . . . . Ballistic Gun 11 | 2 1 1 . 3 . . . 2 2 . Ballistic Cannon 2 | . . 1 . 1 . . . . . . Launcher 2 | . . . . . . . . . 2 . Special Weapon . | . . . . . . . . . . . Impact Weapon 2 | . . . . . 2 . . . . . Slashing Weapon 2 | . . . . 1 . . . . 1 . Piercing Weapon 2 | . . . . . . 1 . 1 . . Special Melee Weapon . | . . . . . . . . . . . Unidentified Prototypes 2 | . . . . 2 . . . . . . Corrupted Parts 1 | . . . . . . . . . 1 . System Corruption 9 | . . . . . . . . . 9 . Parts Lost 66 | . 5 2 . 19 . 5 10 6 16 3 Power 13 | . 1 1 . 2 . 1 2 . 5 1 Propulsion 26 | . 3 . . 11 . 2 4 2 4 . Utility 12 | . . 1 . 2 . 1 4 1 3 . Weapon 15 | . 1 . . 4 . 1 . 3 4 2 Highest Loss Streak 11 | . 2 2 . 11 . 4 4 5 8 3 To Critical Strikes 3 | . 1 . . 1 . 1 . . . . Average Slot Usage (%) 78 | . 92 91 92 77 75 84 64 60 72 62 Engine 4 | . 14 7 9 3 4 3 . . 2 . Core 2 | . . . . 1 . 5 1 4 5 4 Treads 2 | . . 16 . . . . . . . . Leg 1 | . 10 4 . . . . . . . . Wheel 2 | . 10 6 9 2 . . . . . . Hover 6 | . . 1 19 7 18 7 . . 5 5 Flight 7 | . . . . 11 2 13 15 13 6 . Device 9 | . 7 21 18 8 6 13 10 5 3 . Storage 5 | . 14 11 9 6 . . 7 11 1 . Processor 18 | . 6 . 9 23 20 17 17 17 33 41 Protection 1 | . . . . . 8 8 . . . . Energy Gun 2 | . . 10 7 . . . . . 4 9 Energy Cannon 1 | . . . 2 6 . . . . . . Ballistic Gun 3 | . 28 1 . . . . . 4 3 . Ballistic Cannon 2 | . . 10 8 1 . . . . . . Impact Weapon 2 | . . . . . 12 8 5 . . . Naked Turns . | . . . . . . . . . . . Heaviest Build 38 | 12 28 32 35 35 21 30 23 18 38 12 Greatest Support 60 | 20 20 40 20 20 60 60 38 25 39 14 Greatest Overweight (x) 4 | . 2 3 3 4 . . . . 3 . Average Overweight (x) . | . 1 2 2 . . . . . . . Largest Inventory Capacity 15 | 8 15 15 15 15 5 5 5 5 5 5 Average Capacity 8 | 7 14 15 15 11 5 5 5 5 5 5 Most Carried 15 | 8 9 15 15 15 5 5 4 3 5 5 Average Carried 6 | 4 7 8 14 10 4 4 2 1 4 5 Final Capacity 15 | 8 15 15 15 5 5 5 5 5 5 5 Final Carried 15 | 5 9 13 15 4 5 4 2 2 5 5 Class Distribution -------------------- 44% | Mutant 40% | Scavenger-Mutant 7% | Sprinter 6% | Scavenger-Skirmisher Dominant Class ---------------- Mutant | -10/Materials Mutant | -9/Materials Scavenger-Mutant | -8/Materials Scavenger-Mutant | -7/Factory Mutant | -6/Factory Mutant | -5/Factory Mutant | -5/Upper Caves Scavenger-Mutant | -5/Upper Caves Scavenger-Mutant | -5/Warlord Scavenger-Mutant | -4/Proximity Caves Resources | -11 -10 -9 -8 -7 -6 -5 -5 -5 -5 -4 ----------- Run | Jun Mat Mat Mat Fac Fac Fac Upp Upp War Pro Matter Collected 1578 | 280 121 240 14 146 127 234 85 86 215 30 Remotely . | . . . . . . . . . . . Salvage Created 2255 | 70 240 455 53 300 127 361 466 103 80 . Parts 111 | 9 17 30 2 20 7 12 4 10 . . Haulers Intercepted . | . . . . . . . . . . . Recyclers Shooed 1 | . . . . 1 . . . . . . Parts Field Recycled . | . . . . . . . . . . . Retrieved Matter . | . . . . . . . . . . . Parts Self-Destructed 15 | . . . . . . . 2 6 . 7 Prevented 2 | . . . . . . . 2 . . . Kills | -11 -10 -9 -8 -7 -6 -5 -5 -5 -5 -4 ------- Run | Jun Mat Mat Mat Fac Fac Fac Upp Upp War Pro Combat Hostiles Destroyed 55 | . 9 16 1 8 2 6 8 4 1 . Melee 13 | . . . . 1 1 5 3 3 . . Guns 21 | . 9 9 . 1 . . . 1 1 . Cannons 13 | . . 7 1 5 . . . . . . AOE 1 | . . . . 1 . . . . . . Classes Destroyed 11 | 1 2 3 . 3 . . 1 . 1 . Worker 1 | . . . . 1 . . . . . . Builder 1 | . . 1 . . . . . . . . Tunneler 4 | 4 . . . . . . . . . . Swarmer 25 | . 6 7 . 3 . . 5 4 . . Grunt 15 | . 3 7 . 3 . 1 1 . . . Brawler 2 | . . 1 . . . 1 . . . . Sentry 8 | . . 1 1 . 2 2 2 . . . Hunter 2 | . . . . 1 . 1 . . . . Programmer 2 | . . . . 1 . 1 . . . . Executioner 1 | . . . . . . . . . 1 . Packrat 2 | . . . . . . . 2 . . . Best Kill Streak 6 | 4 6 5 1 3 1 2 4 4 1 . Combat Bots Only 6 | . 6 5 1 3 1 2 4 4 1 . Max Kills in Single Turn 2 | 1 1 2 1 2 1 1 1 1 1 . Gunslinging . | . . . . . . . . . . . Exploded 1 | . . . . 1 . . . . . . Melee 1 | . . . . 1 1 1 1 1 . . Uniques/NPCs Destroyed . | . . . . . . . . . . . Combat | -11 -10 -9 -8 -7 -6 -5 -5 -5 -5 -4 -------- Run | Jun Mat Mat Mat Fac Fac Fac Upp Upp War Pro Damage Taken 7560 | . 643 463 . 1844 348 978 699 602 1718 265 Core 1844 | . 131 41 . 575 85 62 171 180 441 158 Absorbed by Shields . | . . . . . . . . . . . Redirected to Shielding 57 | . . . . . 4 53 . . . . Regen/Repaired (Parts) 78 | . . . . . . . . . 78 . Core Remaining (%) 73 | 100 47 89 100 17 90 . . . . . Volleys Fired 131 | 10 34 32 1 29 . . . 4 21 . Largest 2 | 2 2 2 2 2 . . . 1 2 . Hottest 260 | 40 40 95 84 131 . . . 23 260 . Shots Fired 213 | 20 65 64 2 36 . . . 4 22 . Gun 158 | 20 65 32 1 16 . . . 4 20 . Cannon 53 | . . 32 1 20 . . . . . . Launcher 2 | . . . . . . . . . 2 . Special . | . . . . . . . . . . . Kinetic 143 | 20 65 32 1 21 . . . 4 . . Thermal 48 | . . 21 . 5 . . . . 22 . Explosive . | . . . . . . . . . . . Electromagnetic 22 | . . 11 1 10 . . . . . . Robot Hit Streak 10 | 5 10 7 1 8 . . . 1 7 . Robot Miss Streak 7 | 2 7 3 1 2 . . . 1 2 . Penetration Max . | . . . . . . . . . . . Secondary Targets 2 | . 2 . . . . . . . . . Max Gunslinging Chain 1 | . 1 . . . . . . . . . Shots Hit Robots 199 | 10 37 35 1 27 8 38 22 7 14 . Core Hits 94 | 8 21 19 1 18 1 8 6 4 8 . Critical Kills 1 | . . . . . 1 . . . . . Critical Parts Destroyed 4 | . . . . . . 1 3 . . . Critical Strikes 15 | . . 5 . 1 2 4 3 . . . Burn 3 | . . 3 . . . . . . . . Blast 3 | . . 2 . 1 . . . . . . Smash 7 | . . . . . 2 2 3 . . . Impale 2 | . . . . . . 2 . . . . Melee Attacks 93 | . . . . 4 9 45 26 9 . . Impact 71 | . . . . . 9 40 20 2 . . Slashing 4 | . . . . 4 . . . . . . Piercing 18 | . . . . . . 5 6 7 . . Sneak Attacks 3 | . . . . . . . 3 . . . Combat Hostiles 1 | . . . . . . . 1 . . . Follow-up Attacks 13 | . . . . . 1 5 6 1 . . Damage Inflicted 5429 | 102 306 635 24 796 285 1527 955 243 556 . Guns 1179 | 102 306 317 . 187 . . . 34 233 . Cannons 656 | . . 318 24 314 . . . . . . Explosions 520 | . . . . 197 . . . . 323 . Melee 3074 | . . . . 98 285 1527 955 209 . . Ramming . | . . . . . . . . . . . Kinetic 987 | 102 306 318 24 203 . . . 34 . . Thermal 997 | . . 203 . 238 . . . . 556 . Explosive . | . . . . . . . . . . . Electromagnetic 371 | . . 114 . 257 . . . . . . Impact 2429 | . . . . . 285 1370 774 . . . Slashing 98 | . . . . 98 . . . . . . Piercing 547 | . . . . . . 157 181 209 . . Highest Corruption 10 | . . . . 7 . 10 10 10 10 9 Average Corruption 9 | . . . . 4 . 9 10 10 9 9 Corruption Purged . | . . . . . . . . . . . Corruption Blocked . | . . . . . . . . . . . Effects 44 | . . . . 1 . 14 14 9 1 5 Message Errors 11 | . . . . . . 2 5 2 . 2 Matter Fused 14 | . . . . 1 . 4 5 3 1 . Heat Flow Errors 6 | . . . . . . 3 1 1 . 1 Energy Discharges 7 | . . . . . . 2 2 1 . 2 Data Loss (minor) 2 | . . . . . . 1 . 1 . . Data Loss (major) 1 | . . . . . . . 1 . . . Misdirections 3 | . . . . . . 2 . 1 . . Overload Shots . | . . . . . . . . . . . Overflow Damage 680 | . . . . 162 4 154 348 12 . . Projectiles . | . . . . . . . . . . . Explosions 162 | . . . . 162 . . . . . . Melee 518 | . . . . . 4 154 348 12 . . Knockbacks 14 | . . 2 . . . 7 5 . . . Impact 10 | . . . . . . 5 5 . . . Kinetic 2 | . . 2 . . . . . . . . Secondary 2 | . . . . . . 2 . . . . Self-Inflicted Damage 394 | . . . . 394 . . . . . . Shots 4 | . . . . 4 . . . . . . Rammed 1 | . . . . 1 . . . . . . Targets Rammed 1 | . . . . 1 . . . . . . Kicked . | . . . . . . . . . . . Crushed . | . . . . . . . . . . . Highest Temperature 438 | . 27 8 . 115 1 270 281 168 438 211 Average Temperature 83 | . 9 5 . 33 1 85 136 96 116 114 Received Heat Transfer 1012 | . 108 135 . 162 105 135 144 9 196 18 Effects 6 | . . . . . . 1 . . 5 . Energy Bleed 2 | . . . . . . 1 . . 1 . Damage (major) 4 | . . . . . . . . . 4 . Siege Activations . | . . . . . . . . . . . Robots Corrupted . | . . . . . . . . . . . Combat Hostiles . | . . . . . . . . . . . Parts Fried 8 | . . . . . . 2 6 . . . Impact Corruptions 23 | . . . . . 1 9 13 . . . Robots Melted . | . . . . . . . . . . . Combat Hostiles . | . . . . . . . . . . . Parts Melted 4 | . . 2 . 1 . . . . 1 . Heat Transferred 2055 | . . 740 . 174 . . . . 1141 . Parts Sabotaged . | . . . . . . . . . . . Parts Stolen . | . . . . . . . . . . . Parts Stripped . | . . . . . . . . . . . Power Chain Reactions . | . . . . . . . . . . . Missiles Intercepted . | . . . . . . . . . . . Alert | -11 -10 -9 -8 -7 -6 -5 -5 -5 -5 -4 ------- Run | Jun Mat Mat Mat Fac Fac Fac Upp Upp War Pro Peak Influence 233 | 20 233 229 169 142 174 185 . . . . Initial 92 | . 13 13 92 76 69 84 . . . . Average 98 | 7 138 110 128 60 116 107 . . . . Maximum Alert Level 1 | . 1 1 . . . . . . . . Low Security (%) 91 | 100 62 80 100 100 100 100 . . . . Level 1 8 | . 37 19 . . . . . . . . Level 2 . | . . . . . . . . . . . Level 3 . | . . . . . . . . . . . Level 4 . | . . . . . . . . . . . Level 5 . | . . . . . . . . . . . High Security . | . . . . . . . . . . . Max Security . | . . . . . . . . . . . Squads Dispatched 7 | . . 1 1 4 1 . . . . . Investigation 2 | . . 1 1 . . . . . . . Extermination 1 | . . . . 1 . . . . . . Reinforcement 4 | . . . . 3 1 . . . . . Assault . | . . . . . . . . . . . Garrison . | . . . . . . . . . . . Intercept . | . . . . . . . . . . . Searches Triggered . | . . . . . . . . . . . Construction Impeded . | . . . . . . . . . . . Haulers Reinforced . | . . . . . . . . . . . Active Scanning Responses . | . . . . . . . . . . . Cargo Convoy Interrupts . | . . . . . . . . . . . Stealth | -11 -10 -9 -8 -7 -6 -5 -5 -5 -5 -4 --------- Run | Jun Mat Mat Mat Fac Fac Fac Upp Upp War Pro Distress Signals 4 | . 2 . . . . 1 . . 1 . Communications Jammed . | . . . . . . . . . . . Distress Signals . | . . . . . . . . . . . Times Spotted 176 | . 13 21 7 25 7 15 8 13 64 3 Peak Tracking Total 14 | . 5 5 2 4 4 7 3 5 14 3 Tactical Retreats 8 | . 3 . . 1 . 2 . . 2 . Traps | -11 -10 -9 -8 -7 -6 -5 -5 -5 -5 -4 ------- Run | Jun Mat Mat Mat Fac Fac Fac Upp Upp War Pro Traps Triggered 6 | . 1 1 . 2 . 2 . . . . Indirectly . | . . . . . . . . . . . Trap Hack Attempts . | . . . . . . . . . . . Triggered . | . . . . . . . . . . . Disarmed . | . . . . . . . . . . . Reprogrammed . | . . . . . . . . . . . Reused . | . . . . . . . . . . . Traps Extracted . | . . . . . . . . . . . Installed . | . . . . . . . . . . . Triggered 18 | . . . . . . . . . 15 3 Machines | -11 -10 -9 -8 -7 -6 -5 -5 -5 -5 -4 ---------- Run | Jun Mat Mat Mat Fac Fac Fac Upp Upp War Pro Machines Disabled 5 | . . . . 5 . . . . . . Max in Single Turn 5 | . . . . 5 . . . . . . Machines Repaired . | . . . . . . . . . . . Machines Sabotaged . | . . . . . . . . . . . Overloaded Fab Kills . | . . . . . . . . . . . Hacking | -11 -10 -9 -8 -7 -6 -5 -5 -5 -5 -4 --------- Run | Jun Mat Mat Mat Fac Fac Fac Upp Upp War Pro Machines Accessed 11 | . . 1 4 . . 1 . 1 4 . Terminals 4 | . . 1 2 . . 1 . . . . Fabricators . | . . . . . . . . . . . Repair Stations . | . . . . . . . . . . . Recycling Units 1 | . . . 1 . . . . . . . Scanalyzers 1 | . . . 1 . . . . . . . Garrison Access . | . . . . . . . . . . . Total Hacks 18 | . . 1 8 . . 2 . 1 6 . Successful 13 | . . 1 5 . . . . 1 6 . Failed 5 | . . . 3 . . 2 . . . . Catastrophic . | . . . . . . . . . . . Database Lockouts . | . . . . . . . . . . . Manual 3 | . . . 3 . . . . . . . Terminals 5 | . . 1 2 . . 2 . . . . Fabricators . | . . . . . . . . . . . Repair Stations . | . . . . . . . . . . . Recycling Units 3 | . . . 3 . . . . . . . Scanalyzers 3 | . . . 3 . . . . . . . Garrison Access . | . . . . . . . . . . . Terminal Hacks 9 | . . 1 1 . . . . 1 6 . Record 5 | . . . . . . . . . 5 . Robot Analysis 1 | . . 1 . . . . . . . . Open Door 2 | . . . . . . . . 1 1 . Locate Traps 1 | . . . 1 . . . . . . . Fabricator Hacks . | . . . . . . . . . . . Repair Station Hacks . | . . . . . . . . . . . Recycling Unit Hacks . | . . . . . . . . . . . Scanalyzer 3 | . . . 3 . . . . . . . Insert Component 1 | . . . 1 . . . . . . . Analyze 2 | . . . 2 . . . . . . . Garrison Access Hacks . | . . . . . . . . . . . Unauthorized Hacks 1 | . . . 1 . . . . . . . Terminals . | . . . . . . . . . . . Fabricators . | . . . . . . . . . . . Repair Stations . | . . . . . . . . . . . Recycling Units 1 | . . . 1 . . . . . . . Monitor 1 | . . . 1 . . . . . . . Scanalyzers . | . . . . . . . . . . . Garrison Access . | . . . . . . . . . . . Data Cores Recovered . | . . . . . . . . . . . Used . | . . . . . . . . . . . Hacking Detections 4 | . . . 3 . . 1 . . . . Full Trace Events 2 | . . . 2 . . . . . . . Feedback Events . | . . . . . . . . . . . Feedback Blocked . | . . . . . . . . . . . Robot Schematics Acquired . | . . . . . . . . . . . Robots Built . | . . . . . . . . . . . Authchips . | . . . . . . . . . . . Time . | . . . . . . . . . . . Total Robot Build Rating . | . . . . . . . . . . . Part Schematics Acquired . | . . . . . . . . . . . Parts Built . | . . . . . . . . . . . Authchips . | . . . . . . . . . . . Time . | . . . . . . . . . . . Total Part Build Rating . | . . . . . . . . . . . Parts Repaired . | . . . . . . . . . . . Time . | . . . . . . . . . . . Parts Recycled . | . . . . . . . . . . . Recycled Matter . | . . . . . . . . . . . Retrieved Matter . | . . . . . . . . . . . Retrieved Components . | . . . . . . . . . . . Parts Scanalyzed 1 | . . . 1 . . . . . . . Part Schematics Acquired . | . . . . . . . . . . . Parts Damaged . | . . . . . . . . . . . Bothacking | -11 -10 -9 -8 -7 -6 -5 -5 -5 -5 -4 ------------ Run | Jun Mat Mat Mat Fac Fac Fac Upp Upp War Pro Used RIF Installer . | . . . . . . . . . . . Robots Hacked . | . . . . . . . . . . . Non-combat . | . . . . . . . . . . . Combat . | . . . . . . . . . . . Robot Hacks Applied . | . . . . . . . . . . . Relay Couplers Released . | . . . . . . . . . . . Fabnet Peak Effective % . | . . . . . . . . . . . Robots Rewired . | . . . . . . . . . . . Allies Hacked . | . . . . . . . . . . . Hacks Repelled . | . . . . . . . . . . . Allies | -11 -10 -9 -8 -7 -6 -5 -5 -5 -5 -4 -------- Run | Jun Mat Mat Mat Fac Fac Fac Upp Upp War Pro Total Allies . | . . . . . . . . . . . Largest Group . | . . . . . . . . . . . Highest-Rated Group . | . . . . . . . . . . . Highest-Rated Ally . | . . . . . . . . . . . Total Orders 5 | . . . . . . 3 . 2 . . EXPLORE 5 | . . . . . . 3 . 2 . . Ally Attacks . | . . . . . . . . . . . Total Damage . | . . . . . . . . . . . Kills . | . . . . . . . . . . . Allies Corrupted . | . . . . . . . . . . . Allies Melted 1 | . . . . . . . . . 1 . Intel | -11 -10 -9 -8 -7 -6 -5 -5 -5 -5 -4 ------- Run | Jun Mat Mat Mat Fac Fac Fac Upp Upp War Pro Robot Analysis Total 1 | . . 1 . . . . . . . . Derelict Logs Recovered 3 | . . . . . . . 1 1 . 1 Drone Launches 5 | . . . . . . 3 . 2 . . Drone Recoveries 2 | . . . . . . 1 . 1 . . Exploration | -11 -10 -9 -8 -7 -6 -5 -5 -5 -5 -4 ------------- Run | Jun Mat Mat Mat Fac Fac Fac Upp Upp War Pro Turns Passed 5523 | 112 406 732 250 999 352 818 421 262 994 177 Spaces Moved 5614 | 78 202 385 177 753 458 1400 428 584 929 220 Core 9 | 2 . . . 7 . . . . . . Treads 107 | . 4 103 . . . . . . . . Legs 71 | . 71 . . . . . . . . . Wheels 633 | 76 127 258 123 . . . . . 49 . Hover 1811 | . . 24 54 159 444 541 . . 369 220 Flight 2983 | . . . . 587 14 859 428 584 511 . Fastest Speed 28 | 50 80 110 117 32 32 28 31 34 44 80 Average Speed 68 | 79 149 151 129 94 51 39 36 35 68 80 Slowest Speed 280 | 80 260 240 181 280 60 56 40 44 220 80 Overloaded Moves . | . . . . . . . . . . . Propulsion Burnouts . | . . . . . . . . . . . Robots Hopped 2 | . . . . . . 1 . 1 . . Cave-ins Triggered . | . . . . . . . . . . . Exploration Rate (%) 39 | 3 40 38 26 26 16 37 57 66 83 42 Regions Visited 10 Branch Regions 4 Pre-discovered Areas 1 | . . . . . . . . . 1 . Known Exits Taken 4 | . . . . 1 1 1 1 . . . Unknown Exits Taken 6 | 1 1 1 1 . . . . 1 1 . Scrap Searched 4 | . . . . . . . 2 1 . 1 Spaces Dug . | . . . . . . . . . . . Terrain Destroyed 23 | . . 2 . 17 . . . . 4 . Melee . | . . . . . . . . . . . Projectile 2 | . . 2 . . . . . . . . AOE 21 | . . . . 17 . . . . 4 . Terrain Rammed . | . . . . . . . . . . . Walls Destroyed . | . . . . . . . . . . . Machines Disabled . | . . . . . . . . . . . Actions | -11 -10 -9 -8 -7 -6 -5 -5 -5 -5 -4 --------- Run | Jun Mat Mat Mat Fac Fac Fac Upp Upp War Pro Total 6961 | 113 255 468 197 1003 560 1602 657 619 1266 221 Wait 839 | 3 . 17 4 171 67 118 199 11 248 1 Move 5600 | 77 201 384 176 752 457 1397 427 581 928 220 Hop 2 | . . . . . . 1 . 1 . . Pick Up 134 | 14 11 16 8 14 12 20 4 6 29 . Fast Attach . | . . . . . . . . . . . Attach 88 | 6 6 5 2 19 9 10 6 6 19 . Detach 8 | . . . . 1 2 . 1 1 3 . Swap 27 | . 2 7 2 3 2 5 . . 6 . Drop 52 | 3 1 7 4 9 3 12 . 1 12 . Fire 131 | 10 34 32 1 29 . . . 4 21 . Melee 77 | . . . . 4 8 37 20 8 . . Ram 1 | . . . . 1 . . . . . . Kick . | . . . . . . . . . . . Crush . | . . . . . . . . . . . Escape Stasis 2 | . . . . . . 2 . . . . Rewire . | . . . . . . . . . . . Trap . | . . . . . . . . . . . Miscellaneous . | . . . . . . . . . . . Route ------- -11/Junkyard -10/Materials -9/Materials -8/Materials -7/Factory -6/Factory -5/Factory -5/Upper Caves -5/Upper Caves (discovered 2 exits: [*Fac] / *War) -5/Warlord -4/Proximity Caves History --------- Turn | Location | Event 5 | -11/Junkyard | Discovered new exit (range 15) 113 | -11/Junkyard | Entered Materials 336 | -10/Materials | Build established: Mutant 352 | -10/Materials | Core integrity fell below 50% 501 | -10/Materials | Discovered new exit (range 7) 519 | -10/Materials | Entered another Materials area 519 | -9/Materials | Evolved 2 slots: Propulsion x1, Utility x1 1223 | -9/Materials | Discovered new exit (range 16) 1251 | -9/Materials | Entered another Materials area 1251 | -8/Materials | Evolved 2 slots: Propulsion x1, Utility x1 1272 | -8/Materials | Build established: Scavenger-Mutant 1422 | -8/Materials | Discovered new exit (range 18) 1501 | -8/Materials | Entered Factory 1501 | -7/Factory | Evolved 2 slots: Utility x2 1792 | -7/Factory | Build established: Scavenger-Skirmisher 1888 | -7/Factory | Lost 4 parts (3n1w) 2121 | -7/Factory | Core integrity fell below 50% 2145 | -7/Factory | Lost 11 parts (1p7n2u1w) 2432 | -7/Factory | Lost 4 parts (1p1n2w) 2493 | -7/Factory | Core integrity fell below 20% 2493 | -7/Factory | Discovered new exit (range 18) 2500 | -7/Factory | Identified exit to Factory 2500 | -7/Factory | Entered another Factory area 2500 | -6/Factory | Evolved 2 slots: Propulsion x2 2801 | -6/Factory | Build established: Mutant 2839 | -6/Factory | Discovered new exit (range 11) 2851 | -6/Factory | Identified exit to Factory 2852 | -6/Factory | Entered another Factory area 2852 | -5/Factory | Evolved 2 slots: Power x1, Utility x1 3264 | -5/Factory | System corruption reached 10% 3294 | -5/Factory | Lost 4 parts (1p1n1u1w) 3665 | -5/Factory | Discovered new exit (range 6) 3666 | -5/Factory | Identified exit to Upper Caves 3670 | -5/Factory | Entered Upper Caves 3703 | -5/Upper Caves | Identified exit to Upper Caves 3706 | -5/Upper Caves | Build established: Sprinter 3707 | -5/Upper Caves | Lost 4 parts (1n3u) 3720 | -5/Upper Caves | Attracted the attention of an 0b10 checkpoint 3766 | -5/Upper Caves | Lost 3 parts (2p1n) 3974 | -5/Upper Caves | Attracted the attention of an 0b10 outpost 4015 | -5/Upper Caves | Lost 3 parts (2n1u) 4044 | -5/Upper Caves | Build established: Mutant 4067 | -5/Upper Caves | Spotted B-75 Beast 4091 | -5/Upper Caves | Entered another Upper Caves area 4161 | -5/Upper Caves | Lost 5 parts (1n1u3w) 4171 | -5/Upper Caves | Discovered new exit (range 4) 4246 | -5/Upper Caves | Spotted B-75 Beast 4348 | -5/Upper Caves | Discovered new exit (range 7) 4353 | -5/Upper Caves | Entered Warlord 4368 | -5/Warlord | System corruption cleaned by Quarantine Array 4414 | -5/Warlord | Build established: Scavenger-Mutant 4433 | -5/Warlord | Met Warlord 4458 | -5/Warlord | Warlord's base attacked by MAIN.C 4503 | -5/Warlord | Learned location of Armory (-4) 4503 | -5/Warlord | Learned Quarantine trap positions 4504 | -5/Warlord | Learned Testing security intel 4554 | -5/Warlord | Found Prototype Launcher 4739 | -5/Warlord | Warlord forces counterattacked 4804 | -5/Warlord | Spotted Executioner 4805 | -5/Warlord | Spotted Executioner 4806 | -5/Warlord | Spotted Striker 4814 | -5/Warlord | Destroyed Executioner 4864 | -5/Warlord | Discovered new exit (range 14) 4864 | -5/Warlord | Spotted Executioner 4864 | -5/Warlord | Spotted Executioner 4875 | -5/Warlord | Core integrity fell below 50% 4878 | -5/Warlord | Spotted Executioner 4969 | -5/Warlord | Lost 8 parts (3p3n2w) 5048 | -5/Warlord | Spotted Striker 5052 | -5/Warlord | Lost 4 parts (1p1n1u1w) 5060 | -5/Warlord | Core integrity fell below 20% 5133 | -5/Warlord | Warlord base infiltrated, sounded retreat 5283 | -5/Warlord | Spotted Striker 5347 | -5/Warlord | Entered Proximity Caves 5405 | -4/Proximity Caves | Learned Research interactive machine intel 5450 | -4/Proximity Caves | Spotted B-86 Titan 5503 | -4/Proximity Caves | Attracted the attention of an 0b10 checkpoint 5524 | -4/Proximity Caves | Destroyed by Y-64 Sentinel with KE Penetrator Last Messages --------------- 05360_ Found Imp. Transmission Jammer. 05360_ Found 23 Matter. 05361_ Acquired 23 matter. 05373_ System corrupted: Heat flow error (+237). 05399_ System corrupted: Energy discharge (-46). 05405_ Acquired derelict log, extracted data. Data stored: Research interactive machine intel. 05421_ Y=:DKONV#NPNVSN2KAAZ2# 05502_ Acquired 7 matter. 05503_ Y-64 Sentinel: "INTERCEPTING UNREGISTERED DERELICT." 05503_ Penetrated by Slug. 05503_ Hvy. Laser destroyed. 05505_ Particle Gun destroyed. 05505_ Penetrated by Slug. 05508_ Slug penetrates S-27 Virus. 05508_ S-27 Virus destroyed. 05511_ Slug penetrates Wall. 05514_ System corrupted: Energy discharge (-57). 05518_ Penetrated by Slug. 05519_ Mic. Fission Core destroyed. Map ----- +----------------------------------------------------+ | # ##??????????????????#?????????????????????????? | | ##???????????????? ##????????????????????????? | | #??????????####?? ##???????????????????????? | | ##????????### #?? ##??????????????????????? | | ##????????# #?? ##?????????????????????? | | ##??#####?# #??? #?????????????????????? | | #?## ### #??# #?????????????????????? | | # #### ### #?????????????????????? | | ## ##?# ## #?????????????????????? | | ## #??# #### ## #??????????????????????? | | # ##??# #??# ## #???????????????????????? | | # ##### #??# #???????????????????????? | | #??# #### #??????????????????? | | #########??# #??????????????????? | | ???????????# ## #######??????????????????? | | ???????????# ### ##????????????????????????? | | ##??????????# ##?# ##?????###?????????????????? | | ?????? ????# ??## ##?????## #?????????????????? | | ## #??# ??# ##??????# ##????????????????? | | ??# #???????## #????????????????? | | ## ## ??# #???????## #????????????????? | | ??????? ##??# ##????#### #????????????????? | | ???????# ###????# #?##### ##????????????????? | | ?????????#???????# #?# #?????????????????? | | #??????????#######%### s ##?????????????????? | | #???????# !%= % @ ##?????????????????? | | #?????# !!Y ! ### #?????????????????? | | #?????# % ### ##?## ##?????????????????? | | ## #?????# * #?# #???####??????????????????? | | ?? ###???# ? #?????????????????????????? | | ???#????# #?????????????????????????? | | ??????? #####?????????????????????????? | | ?????? ##?????????????????????????????? | | ?????? ???????????????????????????????? | | ??????? ##### ???????????????????????????????? | | #???? # #????# ???????????????????????????????? | | #?????# ?????# ???????????????????????????????? | | ##?????????????? ???????????????????????????????? | | ##???????????????#???????????????????????????????? | | ?????????????????????????????????????????????????? | | ?????????????????????????????????????????????????? | | ?????????????????????????????????????????????????? | | ????????????????????????????????????????????????? | | ?????????????????????????????????????????????????? | | ?????????????????????????????????????????????????? | | ?????????????????????????????????????????????????? | | ?????????????????????????????????????????????????? | | ?????????????????????????????????????????????????? | | ?????????????????????????????????????????????????? | | ?????????????????????????????????????????????????? | +----------------------------------------------------+ Best States ------------- Heat Dissipation 41 Energy Generation 35 Energy Capacity 560 Matter Stores 300 Matter Capacity 300 Sight Range 18 Robot Scan Range 15 Terrain Scan Range 16 Terrain Scan Density 110 Armor Coverage 150 Utility Shielding 33 Evasion (%) 74 Targeting Accuracy 6 Melee Accuracy 20 Recoil Reduction 2 Item Schematics ----------------- None Robot Schematics ------------------ None Fabricated ------------ Nothing Alien Tech Used ----------------- None Achievements -------------- Deadly Force Challenges ------------ None Game ------ Seed ClaymoresBurstDerivative Manual? 0 Play Time 01:12:35 Cumulative 38.5 hours Start 2023.06.14 @ 05:06:22 End 2023.06.14 @ 06:19:07 Sessions 1 Manual Loads 0 Difficulty Rogue Special Mode None Game No. 55 Rogue 55 Adventurer 0 Explorer 0 Win Type - Total 0 Types 0/0/0/0/0/0/0/0/0 Lore% 39 Gallery% 43 Achievement% 31 Wizard Run 0 Options --------- ASCII 0 Keyboard 0 Movement Numpad Keybinds 0 Fullscreen 1 Font 12/Smallcaps Map View 83x54 Tactical HUD 1 Map Filters NONE Filters NONE Steam 1 RUN: d7b0b07d-b7ba-4b3b-915d-c441c9f46725